Unix NetHack Version 5.0.0-0 post-release - last build Jun 10 2026 00:39:30 (3ee93aec679c4c4259841fe613dc97188e26a321,branch:main).

Game began 2026-06-15 10:02:32, ended 2026-06-15 12:07:25.

GdeVolpiano, lawful female human Archeologist

                      #                   ------------         ------
 ------         ------|--                 |..........|         |....|
 |%.?.m@        |.....`..#####           #-..........|         |...{|
 |%!%.|#        |$......|    # ------    #|........<.|         |....|
 |..?.|#        |.......|    ##-....-#   #---|-----.--         |....|
 |)(?.|##       |.......|      |....|#   ### #######           --|---
 ------ #       |.......|      |..`.|#     #       #             ##
        #       -------|-      |....|#     #       ###            #
        #                      ------###   #       # #            ###
        ###                      ##### ##  #       # ##             #
          ##                         #  ###############             ###
           #                      ####   # #     # # ######           #
           #                      #------|-     ---.--|---#           #
 ----      #                      #|......+     |.........0#########  #
 |..|      ##                     #|......|     |........|  ## ----|--.---
 |...#######                      #....>..|     |........|     |.........|
 ----                              --------     ----------   # |.........|
                                                             ##-.........|
                                                               -----------

GdeVolpiano the Field Worker  St:13 Dx:10 Co:12 In:14 Wi:15 Ch:11  Lawful
Dlvl:3  $:714 HP:0(32) Pw:16(16) AC:9  Xp:4 T:1250 

Latest messages:
 H - a silver spellbook (unpaid, 400 zorkmids).
 You see here an indigo spellbook (for sale, 533 zorkmids).
 You have a little trouble lifting an indigo spellbook.  Continue? [ynq] (q)
 "For you, good lady; only 533 zorkmids for this indigo spellbook."
 You have a little trouble lifting I - an indigo spellbook (unpaid, 533 zorkmids).
 Your movements are slowed slightly because of your load.
 #
 What do you want to call? [lnwzAHI or ?*]
 #
 What do you want to call? [lnwzAHI or ?*]
 You see here a tripe ration (for sale, 15 zorkmids).
 You see here a purple-red potion (for sale, 267 zorkmids).
 That strange object is a small mimic!
 The small mimic hits!
 What do you want to use or apply? [af-hrAHI or ?*]
 What do you want to use or apply? [af-hrAHI or ?*]
 Never mind.
 You see here a scroll of amnesia (for sale, 200 zorkmids).
 You bought a spellbook called lvl4 for 533 gold pieces.
 You bought a spellbook called lvl3 for 400 gold pieces.
 "Thank you for shopping in Annootok's general store!"
 Your movements are now unencumbered.
 You do not owe Annootok anything.
 The small mimic hits!
 What do you want to drop? [$a-df-hj-rv-zACHI or ?*]
 You drop a spellbook called lvl4.
 What do you want to wield? [- a or ?*]
 h - an uncursed sack containing 1 item (wielded).
 In what direction?
 Never mind.
 What do you want to use or apply? [af-hrAH or ?*]
 e - a +0 pick-axe.
 What do you want to wield? [- ae or ?*]
 a - a +2 bullwhip (weapon in right hand).
 h - an empty uncursed sack (alternate weapon; not wielded).
 "Hello, GdeVolpiano!  Welcome again to Annootok's general store!"
 "Will you please leave your pick-axe outside?"
 The small mimic hits!
 You lash the small mimic.
 You miss the small mimic.
 You lash the small mimic.
 The small mimic hits!
 You see here a spellbook called lvl4.
 What do you want to wield? [- ae or ?*]
 e - a +0 pick-axe (weapon in right hand).
 You hit the small mimic!
 You hit the small mimic.
 The small mimic hits!
 You die...
 Do you want your possessions identified? [ynq] (y)

Inventory:
 Coins    ('$')
  $ - 714 gold pieces
 Amulets  ('"')
  n - an uncursed amulet of ESP
 Weapons  (')')
  a - a +2 bullwhip
 Armor    ('[')
  c - an uncursed +0 fedora (being worn)
  b - an uncursed +0 leather jacket (being worn)
 Comestibles  ('%')
  d - 5 uncursed food rations
  k - 2 uncursed fortune cookies
  m - an uncursed tripe ration
  y - an uncursed tin of deep fried green mold
  j - 3 uncursed lichen corpses
 Scrolls  ('?')
  z - an uncursed scroll of blank paper
  o - a cursed scroll of confuse monster
  q - a blessed scroll of enchant weapon
  p - a blessed scroll of genocide
  v - an uncursed scroll of gold detection
  C - an uncursed scroll of identify
  x - 2 blessed scrolls of teleportation
 Spellbooks  ('+')
  H - an uncursed spellbook of levitation
 Potions  ('!')
  w - an uncursed potion of gain ability
 Rings    ('=')
  l - a cursed ring of teleportation
 Wands    ('/')
  A - a wand of cold (0:6)
 Tools    ('(')
  h - an empty uncursed sack (alternate weapon; not wielded)
  r - a blessed can of grease (0:8)
  e - a +0 pick-axe (weapon in right hand)
  f - a tinning kit (0:55)
 Gems/Stones  ('*')
  g - an uncursed touchstone

GdeVolpiano the Archeologist's attributes:

Background:
 You were a Field Worker, a level 4 female human Archeologist.
 You were lawful, nominally on a mission for Quetzalcoatl
 who was opposed by Camaxtli (neutral) and Huhetotl (chaotic).
 You were right-handed.
 You were in the Dungeons of Doom, on level 3.
 You entered the dungeon 1250 turns ago.
 There was a new moon in effect when your adventure ended.
 You had 97 experience points, 63 more were needed to attain level 5.

Basics:
 You had 0 out of 32 hit points.
 You had all 16 energy points (spell power).
 Your armor class was 9.
 Your wallet contained 714 zorkmids.
 Autopickup was on for '$?!/="+' plus thrown, with exceptions.

Final Characteristics:
 Your strength was 13 (limit:18/100).
 Your dexterity was 10 (limit:18).
 Your constitution was 12 (limit:18).
 Your intelligence was 14 (limit:18).
 Your wisdom was 15 (limit:18).
 Your charisma was 11 (limit:18).

Final Status:
 You weren't hungry.
 You were unencumbered.
 You were wielding a pick-axe.
 You had basic skill with pick-axe.

Final Attributes:
 You were devoutly aligned.
 You had automatic searching.
 You were lucky.
 You are dead.

Miscellaneous:
 You didn't encounter any bones levels.
 Total elapsed playing time was 8 minutes and 14 seconds.

Major events:
 Turn
    1: GdeVolpiano the lawful female human Archeologist entered the dungeon
 1158: attained the rank of Field Worker (level 3)
 1250: killed by a small mimic

You didn't know any spells.

Skills:
 Fighting Skills
   bare handed combat [Unskilled]
   two weapon combat  [Unskilled]
   riding             [Unskilled]
 Weapon Skills
   dagger             [Unskilled]
   knife              [Unskilled]
   pick-axe           [Basic]
   short sword        [Unskilled]
   saber              [Unskilled]
   club               [Unskilled]
   quarterstaff       [Unskilled]
   sling              [Unskilled]
   dart               [Unskilled]
   boomerang          [Unskilled]
   whip               [Basic]
   unicorn horn       [Unskilled]
 Spellcasting Skills
   attack spells      [Unskilled]
   healing spells     [Unskilled]
   divination spells  [Unskilled]
   matter spells      [Unskilled]

Voluntary challenges:
 Character rerolling was not enabled.
 You were an atheist.
 You never genocided any monsters.
 You never polymorphed an object.
 You never changed form.
 You used no wishes.
Achievements:
 You entered a shop.
 You attained the rank of Field Worker.

 The Dungeons of Doom: levels 1 to 4
    Level 1:
       A fountain.
    Level 2:
       A general store.
    Level 3: <- You were here.
       A general store, a fountain.
       Final resting place for
          you, killed by a small mimic.
    Level 4:
       A grave.


Vanquished creatures:
  a large mimic
  a little dog
  2 giant rats
  a garter snake
  2 geckos
  3 jackals
  a fox
  2 sewer rats
  3 grid bugs
  3 lichens
  a kobold zombie
  5 newts
25 creatures vanquished.

No species were genocided or became extinct.

Game over:
                       ----------
                      /          \
                     /    REST    \
                    /      IN      \
                   /     PEACE      \
                  /                  \
                  |   GdeVolpiano    |
                  |      714 Au      |
                  |   killed by a    |
                  |   small mimic    |
                  |                  |
                  |                  |
                  |       2026       |
                 *|     *  *  *      | *
        _________)/\\_//(\/(/\)/\//\/|_)_______

Goodbye GdeVolpiano the Archeologist...

You died in The Dungeons of Doom on dungeon level 3 with 1181 points,
and 714 pieces of gold, after 1250 moves.
You were level 4 with a maximum of 32 hit points when you died.

